 Dungeon Crawl Stone Soup version 0.31-a0-965-g8a8ce12e04 (webtiles) character file.

Game seed: 15829814781016398497

1914 retardedninja the Firebug (level 9, -4/54 HPs)
             Began as a Gargoyle Fire Elementalist on Oct 25, 2023.
             Slain by a wight
             ... wielding a +4 great sword
              (6 damage)
             ... on level 6 of the Dungeon on Oct 26, 2023.
             The game lasted 00:10:36 (9497 turns).

retardedninja the Firebug (GrFE)                    Turns: 9497, Time: 00:10:38

Health: -4/54      AC:  9    Str: 10 (13) XL:     9   Next: 16%
Magic:  16/16      EV: 11    Int: 22 (25) God:
Gold:   302        SH:  0    Dex:  9 (10) Spells: 15/18 levels left

rFire   . . .        k - +0 halberd
rCold   . . .        (shield currently unavailable)
rNeg    + . .        j - +0 robe
rPois   ∞            (no helmet)
rElec   +            (no cloak)
rCorr   .            c - +0 pair of gloves
SInv    .            (no boots)
Will    +....        (no amulet)
Stlth   ++           i - +6 ring of intelligence
HPRegen 0.29/turn    h - ring of willpower
MPRegen 0.15/turn

%: no passive effects
@: no status effects
A: sickness immunity, AC +6, negative energy resistance 1, electricity
resistance, torment resistance 1, petrification resistance
a: no special abilities


You were on level 6 of the Dungeon.
You visited 1 branch of the dungeon, and saw 6 of its levels.

You collected 302 gold pieces.

Inventory:

Hand Weapons
 g - a +0 quarterstaff
 k - a +0 halberd (weapon)
Armour
 c - a +0 pair of gloves (worn)
 j - a +0 robe (worn)
 l - a +0 helmet
Jewellery
 h - a ring of willpower (right hand)
 i - a +6 ring of intelligence (left hand)
 z - a ring of protection from cold
Wands
 o - a wand of iceblast (18)
 p - a wand of quicksilver (5)
 t - a wand of flame (8)
 w - a wand of mindburst (9)
Scrolls
 a - a scroll of teleportation {unknown}
 d - 5 scrolls of identify {unknown}
 e - a scroll of enchant weapon {unknown}
 u - a scroll of poison {unknown}
 y - a scroll of immolation
 A - a scroll of revelation {unknown}
Potions
 b - a potion of haste {unknown}
 m - a potion of cancellation {unknown}
 q - a potion of mutation {unknown}
 r - a potion of degeneration
 s - a potion of invisibility {unknown}
 v - a potion of brilliance {unknown}
 x - a potion of curing {unknown}


   Skills:
 + Level 5.5 Fighting
 - Level 1.5 Dodging
 - Level 2.1 Stealth
 + Level 5.1 Spellcasting
 + Level 5.7 Conjurations
 + Level 5.9 Fire Magic
 + Level 4.0 Air Magic


You had 15 spell levels left.
You knew the following spells:

 Your Spells              Type           Power      Damage    Failure   Level
a - Foxfire               Conj/Fire      100%       2x1d9     1%          1
b - Scorch                Fire           62%        2d7       1%          2

Your spell library contained the following spells:

 Spells                   Type           Power      Damage    Failure   Level
 Inner Flame              Hex/Fire       18%        N/A       9%          3
 Volatile Blastmotes      Fire/Tloc      36%        2d13      9%          3
 Flame Wave               Conj/Fire      31%        2d9       9%          4


Dungeon Overview and Level Annotations

Branches:
Dungeon (6/15)
 Temple: D:4-7

Altars:
Cheibriados
Kikubaaqudgha
Makhleb

Annotations:
D:5 2 runed translucent doors, Xavori's ghost, novice DjCK


Innate Abilities, Weirdness & Mutations

You are immune to sickness and miasma.
Your stone body is resilient. (AC +6)
You are immune to poison.
You resist negative energy. (rN+)
You are resistant to electric shocks. (rElec)
You are resistant to unholy torment.
You are immune to petrification.


Message History

The puff of flame hits you!
* * * LOW HITPOINT WARNING * * *
Unknown command.
You are confused.
You feel invigorated.
The wight hits you from afar with a +3 spear.
* * * LOW HITPOINT WARNING * * *
You bump into the rock wall.
The wight hits you from afar with a +3 spear.
* * * LOW HITPOINT WARNING * * *
The orc wizard hits you with a +0 dagger.
* * * LOW HITPOINT WARNING * * *
You miss the wight. The wight barely misses you. The wight closely misses you.
The orc wizard hits you but does no damage.
You bump into the rock wall.
The wight hits you from afar with a +3 spear.
* * * LOW HITPOINT WARNING * * *
The wight hits you with a +4 great sword!
* * * LOW HITPOINT WARNING * * *
The orc wizard hits you but does no damage.
It was a potion of degeneration.
There was something very wrong with that liquid.
You feel weakened.
You feel dopey.
You feel clumsy. The wight hits you but does no damage.
The wight barely misses you.
The orc wizard hits you but does no damage.
It was a potion of heal wounds.
You feel much better.
You feel less invigorated.
You feel less confused.
The wight hits you from afar with a +3 spear.
The wight hits you with a +4 great sword!
* * * LOW HITPOINT WARNING * * *
The orc wizard hits you but does no damage.
Okay, then.
As you read the scroll labelled XULYLE JYFOTZU, it crumbles to dust.
The creatures around you are filled with an inner flame!
It was a scroll of immolation.
The wight hits you from afar with a +3 spear!
* * * LOW HITPOINT WARNING * * *
The wight hits you with a +4 great sword.
You die...

######.................#.
#.##..######......#.
#.#.<.....##.#.####.
#.####.....#........ #.
.##..#........ #.
##........... #.
##.......... ###z###
###........ #..oz@#.
#........
#.#.#o#..#####........ #
#.#.......>..#####
#.#..........#
#.#..........#
#.#..#####.##### #.#).#
#.....# #.#..# #.....#
#.#..#####.....#


You could see 2 wights, an orc wizard (inner flame) and an orc (inner flame).

Vanquished Creatures
  A hornet (D:6)
  Grinder (D:6)
  Menkaure (D:6)
  A water moccasin (D:5)
  An ogre (D:5)
  A centaur (D:6)
  A gnoll sergeant (D:5)
  A scorpion (D:1)
  5 wights
  A hound (D:4)
  A gnoll bouda (D:6)
  An orc priest (D:6)
  2 sleepcaps
  Jessica (D:2)
  An iguana (D:5)
  Natasha (thrice) (D:4)
  Ijyb (D:3)
  An orc wizard (D:6)
  Terence (D:2)
  Robin (D:3)
  18 gnolls
  5 adders
  3 white imps
  4 ufetubi
  6 worms
  5 dart slugs
  13 orcs
  9 ball pythons
  7 bats
  11 endoplasms
  4 giant cockroaches
  13 goblins
  9 hobgoblins
  2 quokkas
  3 frilled lizards (D:1)
  9 kobolds
  4 rats
152 creatures vanquished.

Vanquished Creatures (others)
  A hobgoblin (D:3)
  478 foxfires
479 creatures vanquished.

Grand Total: 631 creatures vanquished

Notes
Turn   | Place    | Note
-------+----------+-------------------------------------------
     0 | D:1      | retardedninja the Gargoyle Fire Elementalist began the
                  | quest for the Orb.
     0 | D:1      | Reached XP level 1. HP: 10/10 MP: 3/3
   185 | D:1      | Reached XP level 2. HP: 16/16 MP: 1/5
   924 | D:1      | Reached skill level 1 in Fighting
  1088 | D:1      | Reached XP level 3. HP: 20/20 MP: 3/6
  1455 | D:1      | Learned a level 2 spell: Scorch
  1874 | D:2      | Noticed Jessica
  1876 | D:2      | Noticed a scorpion
  1882 | D:1      | Killed a scorpion
  1883 | D:1      | Reached skill level 1 in Air Magic
  1883 | D:1      | Reached XP level 4. HP: 18/26 MP: 0/7
  2049 | D:2      | Killed Jessica
  2050 | D:2      | Reached XP level 5. HP: 30/30 MP: 1/9
  2406 | D:2      | Found a faded altar of an unknown god.
  2679 | D:2      | Identified the +5 scale mail of the Arcane {Stlth+}
  2962 | D:2      | Noticed Terence
  2989 | D:2      | Killed Terence
  3588 | D:3      | Reached XP level 6. HP: 36/36 MP: 5/10
  3589 | D:3      | Noticed Robin
  3630 | D:3      | Killed Robin
  4168 | D:2      | Upgraded the game from 0.31-a0-963-ga325b2283a to
                  | 0.31-a0-965-g8a8ce12e04
  4287 | D:3      | Found an ancient bone altar of Kikubaaqudgha.
  4615 | D:3      | Noticed Ijyb
  4627 | D:3      | Killed Ijyb
  5737 | D:4      | Noticed Natasha
  5743 | D:4      | Killed Natasha
  5833 | D:4      | Noticed Natasha
  5839 | D:4      | Killed Natasha
  5840 | D:4      | Reached XP level 7. HP: 41/41 MP: 8/12
  5912 | D:4      | Noticed Natasha
  5925 | D:4      | Killed Natasha
  6163 | D:5      | Entered Level 5 of the Dungeon
  7926 | D:5      | Reached XP level 8. HP: 29/48 MP: 0/14
  8378 | D:5      | Identified the +1 chain mail of Day {rC+ Str+2 Slay-4}
  8469 | D:5      | Reached skill level 5 in Fire Magic
  8759 | D:5      | Found a runed translucent door.
  8760 | D:5      | Noticed Xavori's ghost (novice DjCK)
  8846 | D:5      | Found a runed translucent door.
  9014 | D:6      | Noticed Menkaure
  9028 | D:6      | Killed Menkaure
  9029 | D:6      | Reached skill level 5 in Conjurations
  9239 | D:6      | Found a burning altar of Makhleb.
  9245 | D:6      | Noticed a hornet
  9251 | D:6      | Killed a hornet
  9252 | D:6      | Reached skill level 5 in Fighting
  9334 | D:6      | Found a snail-covered altar of Cheibriados.
  9402 | D:6      | Noticed Grinder
  9406 | D:6      | Killed Grinder
  9407 | D:6      | Reached skill level 5 in Spellcasting
  9407 | D:6      | Reached XP level 9. HP: 48/54 MP: 7/16
  9494 | D:6      | HP: 1/54 [wight/+4 great sword (15)]
  9497 | D:6      | Slain by a wight

Illustrated notes

Levels and vault maps discovered:
D:1:      dpeg_arrival_windows_large_door, layout_basic,
          hangedman_feature_mirror
D:2:      layout_basic, dreamdust_ecumenical_altar_angels_and_demons,
          uniq_terence, uniq_jessica
D:3:      layout_rooms, amcnicky_altar_gilded, skrybe_limestone_x, uniq_robin,
          uniq_ijyb
D:4:      layout_cave_pools, uniq_natasha
D:5:      layout_rooms, ebering_ghost_sewer_f, roderic_lattice_a,
          minmay_stone_trees_small
D:6:      layout_basic, kennysheep_mini_moat, mainiacjoe_overflow_tiny_flanked,
          uniq_menkaure, uniq_grinder

Skill      XL: |  1  2  3  4  5  6  7  8 |
---------------+-------------------------+-----
Fighting       | 1 2 3 4 5 |  5.5
Conjurations   | 2 3 4 5 |  5.7
Air Magic      | 1 2 4 |  4.0
Spellcasting   | 3 4 5 |  5.1
Fire Magic     | 4 5 |  5.9
Dodging        | |  1.5
Stealth        | |  2.1

Action                     |  1- 3 |  4- 6 |  7- 9 || total
---------------------------+-------+-------+-------++-------
  Melee: Quarterstaff      |       |     1 |       ||     1
         Halberd           |       |     2 |     7 ||     9
   Cast: Foxfire           |    96 |   148 |    42 ||   286
         Scorch            |     2 |    35 |    78 ||   115
  Evoke: Wand              |       |       |     5 ||     5
    Use: Potion            |       |     2 |     3 ||     5
         Scroll            |       |       |     1 ||     1
 Armour: Robe              |    20 |    43 |    83 ||   146
  Dodge: Dodged            |    11 |    33 |    71 ||   115

Table legend: (Time is in decaauts)
 A = Elapsed time spent in this place.
 B = Non-inter-level travel time spent in this place.
 C = Inter-level travel time spent in this place.
 D = Time resting spent in this place.
 E = Time spent auto-exploring this place.
 F = Levels seen in this place.
 G = Mean time per level.
                   A        B        C        D        E       F      G
               +--------+--------+--------+--------+--------+-----+--------+
         Total |   9517 |   9408 |    109 |   2920 |   5229 |   6 | 1586.2 |
       Dungeon |   9517 |   9408 |    109 |   2920 |   5229 |   6 | 1586.2 |
               +--------+--------+--------+--------+--------+-----+--------+

Top non-repeatable levels by time:
     D:4: 2736 daAuts
     D:1: 2208 daAuts
     D:2: 1905 daAuts
     D:3: 1042 daAuts
     D:5: 995 daAuts
     D:6: 629 daAuts
